 Dungeon Crawl Stone Soup version 0.18.1-6-gd335043 (webtiles) character file.

25 NoLuckNoSkill the Cudgeler (level 2, -2/24 HPs)
             Began as a Demonspawn Chaos Knight on May 18, 2016.
             Slain by an adder (3 damage)
             ... on level 2 of the Dungeon.
             The game lasted 00:01:10 (1276 turns).

NoLuckNoSkill the Cudgeler (DsCK)                   Turns: 1276, Time: 00:01:11

Health: -2/24      AC:  5    Str: 12    XL:     2   Next: 82%
Magic:  2/2        EV: 11    Int: 13    God:    Xom [..*...]
Gold:   157        SH:  0    Dex: 12    Spells: 0 memorised, 1 level left

rFire  . . .     SeeInvis .     a - +0 mace (chaos)
rCold  . . .     Gourm    .     b - +2 leather armour
rNeg   . . .     Faith    .     (no shield)
rPois  .         Spirit   .     (helmet restricted)
rElec  .         Dismiss  .     (no cloak)
rCorr  .         Reflect  .     (no gloves)
SustAt .         Harm     .     (no boots)
MR     .....                    (no amulet)
Stlth  +.........               (no ring)
                                (no ring)

@: lethally poisoned (-2 -> -12), not resistant to hostile enchantments, very
unstealthy
A: antennae 1
a: Renounce Religion


You were on level 2 of the Dungeon.
You worshipped Xom.
You were a toy of Xom.
You were not hungry.

You visited 1 branch of the dungeon, and saw 2 of its levels.

You collected 157 gold pieces.

Inventory:

Hand Weapons
 a - a +0 mace of chaos (weapon)
Armour
 b - a +2 leather armour (worn)
Jewellery
 o - a +2 ring of dexterity {unknown}
Scrolls
 d - a scroll of random uselessness {unknown}
 e - 4 scrolls of magic mapping {unknown}
 i - a scroll of remove curse {unknown}
 j - a scroll of immolation {unknown}
 k - a scroll of teleportation {unknown}
 l - a scroll of recharging {unknown}
 m - a scroll of fog {unknown}
 p - a scroll of fear {unknown}
Potions
 g - a potion of cure mutation
Comestibles
 c - 3 bread rations
 n - 2 meat rations
 q - a chunk of flesh


   Skills:
 + Level 3.3 Fighting
 * Level 3.4 Maces & Flails
 - Level 1.7 Armour
 - Level 0.8 Dodging


You had one spell level left.
You didn't know any spells.

Dungeon Overview and Level Annotations

Branches:
Dungeon (2/15)

Altars:
Vehumet


Innate Abilities, Weirdness & Mutations

You have a pair of small antennae on your head.


Message History

The adder bites you.
You are poisoned.
The adder poisons you! The adder bites you.
You are lethally poisoned!
The adder poisons you! The adder bites you.
* * * LOW HITPOINT WARNING * * *
You barely miss the adder.
The adder is moderately wounded.
* * * LOW HITPOINT WARNING * * *
You feel sick. The adder bites you.
* * * LOW HITPOINT WARNING * * *
You are more poisoned.
The adder poisons you! The adder barely misses you.
The adder closely misses you.
You hit the adder.
The adder is almost dead.
* * * LOW HITPOINT WARNING * * *
You feel sick. The adder barely misses you. The adder closely misses you.
The adder barely misses you. The adder bites you.
You die...

* , , #.......### * , *
........#.......# ##### * , *
#.....).##....### ....## *
,##...<...#####.##### .....####
#........# #.#.... ........# ,,
........# #.#.### ........#
,,.......# #.#.#..
........########.S..#######...#..
.....>........?.@S...............
.................................
..............%..................
.......#####################...##
...............................#
...†....####################.###
...................)......##.#
.........######..########.##.#
.........# #..# #....#


You could see 2 adders.

Vanquished Creatures
  A ball python (D:1)
  3 bats
  A giant cockroach (D:1)
  4 goblins
  3 hobgoblins
  6 giant newts
  A kobold (D:2)
  6 rats
25 creatures vanquished.

Notes
Turn   | Place    | Note
--------------------------------------------------------------
     0 | D:1      | NoLuckNoSkill the Demonspawn Chaos Knight began the quest for the Orb.
     0 | D:1      | Reached XP level 1. HP: 18/18 MP: 1/1
   102 | D:1      | XOM: harmless Necr miscast
   237 | D:1      | XOM: divination: magic mapping
   247 | D:1      | Gained mutation: You have a pair of small antennae on your head. [demonic ancestry]
   247 | D:1      | Reached XP level 2. HP: 18/24 MP: 2/2
   741 | D:1      | XOM: harmless Necr miscast
   821 | D:2      | Found a faded altar to an unknown god.
   891 | D:2      | Found a radiant altar of Vehumet.
   966 | D:2      | XOM: harmless Tloc miscast
  1271 | D:2      | Gained mutation: You passively map a small area around you. [potion of mutation]
  1271 | D:2      | Gained mutation: Your flesh is heat resistant. [potion of mutation]
  1272 | D:2      | Lost mutation: You passively map a small area around you. [potion of cure mutation]
  1272 | D:2      | Lost mutation: Your flesh is heat resistant. [potion of cure mutation]
  1275 | D:2      | HP: 1/24 [adder (3)]
  1276 | D:2      | Slain by an adder

Skill      XL: |  1 |
---------------+----+-----
Maces & Flails | 3 |  3.4
Fighting       | |  3.3
Armour         | |  1.7
Dodging        | |  0.8

Action                   || total
-------------------------++-------
Melee: Mace              ||    61
  Use: Potion            ||     3
 Stab: Sleeping          ||     1
  Eat: Chunk             ||     1
Armor: Leather armour    ||    27
Dodge: Dodged            ||    44
